Match 38708212
Unlisted

Match 38708212
End
Scout Squad
Construct Barracks
Riflemen Squad
Riflemen Squad
Riflemen Squad
Mechanized Support Center
Construct Medical Station
Construct Weapon Support Center
M3 Armored Personnel Carrier
M1919 Machine Gun Team
M1918 Browning Automatic Rifles
Riflemen Squad
Construct Tank Depot
Selects Armored Battlegroup
Selects Veteran Crews
Selects Field Repairs
Selects War Machine
Engineer Squad
M4A1 Sherman Medium Tank
Mortar Pit
Designate Forward Repair Station
Selects Strength in Steel
M4A1 Sherman Medium Tank
FeriG
mrce
0
0

Comments sign in to comment!

No comments posted yet!